 Dungeon Crawl Stone Soup version 0.22-a0-825-ga28c36f (webtiles) character file.

51 Kuinu the Firebug (level 3, -2/26 HPs)
             Began as a Draconian Fire Elementalist on July 24, 2018.
             Slain by a gnoll
             ... wielding a +0 halberd
              (18 damage)
             ... on level 2 of the Dungeon.
             The game lasted 00:06:22 (3308 turns).

Kuinu the Firebug (Draconian Fire Elementalist)     Turns: 3308, Time: 00:06:23

Health: -2/26      AC:  5    Str: 10    XL:     3   Next: 58%
Magic:  1/7        EV: 12    Int: 16    God:
Gold:   93         SH:  2    Dex: 11    Spells: 1/7 levels left

rFire    . . .     SeeInvis .   a - +0 club
rCold    . . .     Gourm    .   (no shield)
rNeg     . . .     Faith    .   (armour unavailable)
rPois    .         Spirit   .   (helmet restricted)
rElec    .         Reflect  +   (no cloak)
rCorr    .         Harm     .   (no gloves)
MR       .....                  (no boots)
Stlth    ++........             n - +2 amulet of reflection
HPRegen  0.08/turn              (no ring)
MPRegen  0.10/turn              (no ring)

@: very slightly contaminated
A: unfitting armour, cold-blooded, AC +5
a: no special abilities


You were on level 2 of the Dungeon.
You were full.

You visited 1 branch of the dungeon, and saw 2 of its levels.

You collected 93 gold pieces.

Inventory:

Hand Weapons
 a - a +0 club (weapon)
Jewellery
 n - a +2 amulet of reflection (around neck)
Scrolls
 c - 2 scrolls of teleportation {unknown}
 d - 2 scrolls of remove curse {unknown}
 f - 4 scrolls of identify {unknown}
 i - a scroll of immolation {unknown}
 k - a scroll of enchant armour {unknown}
 m - 2 scrolls of fog {unknown}
Potions
 e - 2 potions of brilliance {unknown}
 g - a potion of heal wounds {unknown}
 h - a potion of degeneration {unknown}
 j - a potion of ambrosia {unknown}
Comestibles
 b - 4 rations


   Skills:
 - Level 1.7 Dodging
 + Level 2.1 Stealth
 * Level 2.7 Spellcasting
 * Level 1.9 Conjurations
 * Level 3.5 Fire Magic


You had one spell level left.
You knew the following spells:

 Your Spells              Type           Power        Failure   Level  Hunger
a - Flame Tongue          Conj/Fire      ##...        6%          1    #......
b - Throw Flame           Conj/Fire      ##....       10%         2    ##.....
c - Conjure Flame         Conj/Fire      ##......     19%         3    ###....

Your spell library contained the following spells:

 Spells                   Type           Power        Failure   Level  Hunger
 Fireball                 Conj/Fire      ##........   86%         5    ######.
 Sticky Flame             Conj/Fire      ##......     52%         4    #####..
 Inner Flame              Hex/Fire       #.......     28%         3    ###....


Dungeon Overview and Level Annotations

Branches:
Dungeon (2/15)

Altars:
Elyvilon


Innate Abilities, Weirdness & Mutations

Your plain brown scales are hard. (AC +5)
You cannot fit into any form of body armour.
You are cold-blooded and may be slowed by cold attacks.


Message History

Aiming: Flame Tongue (safe; 6% risk of failure)
Press: ? - help, Shift-Dir - straight line, f - gnoll
Aim: a gnoll, wielding a halberd You miscast Flame Tongue.
You are very lightly contaminated with residual magic.
Nothing appears to happen.
The gnoll hits you from afar with a halberd!
The gnoll shouts!
The gnoll closely misses you.
You see here a giant cockroach corpse.
Casting: Flame Tongue (safe; 6% risk of failure)
Confirm with . or Enter, or press ? or * to list all spells.
Aiming: Flame Tongue (safe; 6% risk of failure)
Press: ? - help, Shift-Dir - straight line, f/p - gnoll
Aim: a gnoll, wielding a halberd The flame tongue hits the gnoll.
The gnoll is moderately wounded.
The gnoll hits you but does no damage. The gnoll hits you with a halberd!!
Ouch! That really hurt!
You die...

############
...........
..........#
###########
..........#
#.........#
..........#
#.#######.#
...g..g...# ##.#
#.#
...g...g..###..#
#.# #g#.#....# #.#
#@#.#.#..# #.#
#.#.#.#..# #.#
#.#.#....#######.#
#.#.#.............
#.#.##..########.#
#.#.........#.....
#.###.#.###.#.....
#.#.......#.#.....
#.#.#.#.#.#.#.....


You could see 3 gnolls.

Vanquished Creatures
  An adder (D:2)
  2 dart slugs
  2 ball pythons (D:2)
  3 giant cockroaches (D:2)
  4 goblins
  4 hobgoblins
  7 kobolds
  7 bats
  2 frilled lizards (D:2)
  5 rats
37 creatures vanquished.

Notes
Turn   | Place    | Note
-------+----------+-------------------------------------------
     0 | D:1      | Kuinu the Draconian Fire Elementalist began the quest for the Orb.
     0 | D:1      | Reached XP level 1. HP: 14/14 MP: 3/3
   758 | D:1      | Reached XP level 2. HP: 20/20 MP: 0/5
   762 | D:1      | Learned a level 2 spell: Throw Flame
  1764 | D:2      | Found a white marble altar of Elyvilon.
  1767 | D:2      | Reached XP level 3. HP: 26/26 MP: 2/6
  1772 | D:2      | Learned a level 3 spell: Conjure Flame
  3308 | D:2      | Slain by a gnoll

Vault maps used:
D:1:      dpeg_arrival_court
D:2:      elyvilon_altar_5

Skill      XL: |  1  2 |
---------------+-------+-----
Stealth        | 2 |  2.1
Dodging        | |  1.7
Spellcasting   | |  2.7
Conjurations   | |  1.9
Fire Magic     | |  3.5

Action                   || total
-------------------------++-------
Melee: Club              ||    15
       Tailslap          ||     1
 Cast: Flame Tongue      ||    66
       Throw Flame       ||     1
  Eat: Chunk             ||     6
       Ration            ||     2
Armor: Skin              ||    20
Dodge: Dodged            ||    25

Table legend:
 A = Spawn XP
 B = Non-spawn XP
 C = Spawn XP percentage of total XP
 D = Spawn monster count
 E = Non-spawn monster count
 F = Spawn count percentage of total count
 G = Total turns spent on level
                    A         B        C        D         E        F      G
               +---------+---------+-------+---------+---------+-------+---------
         Total |       0 |      74 |   0.0 |       0 |      37 |   0.0 |  3308
               +---------+---------+-------+---------+---------+-------+---------
           D:1 |       0 |      27 |   0.0 |       0 |      16 |   0.0 |  1759
           D:2 |       0 |      47 |   0.0 |       0 |      21 |   0.0 |  1549
               +---------+---------+-------+---------+---------+-------+---------
